 Dungeon Crawl Stone Soup version 0.29.1-1-gd02db6906a (webtiles) character file.

Game seed: 3800478002312434243

101 Godmorgon the Gusty (level 4, 0/24 HPs)
             Began as a Tengu Air Elementalist on Oct 17, 2022.
             Killed from afar by Grinder (8 damage)
             ... with a puff of flame
             ... on level 3 of the Dungeon.
             The game lasted 00:07:22 (3628 turns).

Godmorgon the Gusty (Tengu Air Elementalist)        Turns: 3628, Time: 00:07:23

Health: 0/24       AC:  3    Str:  8    XL:     4   Next: 75%
Magic:  5/9        EV: 12    Int: 18    God:
Gold:   118        SH:  0    Dex: 14    Spells: 5/8 levels left

rFire   . . .      SeeInvis .   a - +0 hand axe (venom)
rCold   . . .      Faith    .   (no shield)
rNeg    . . .      Spirit   .   d - +0 robe
rPois   .          Reflect  .   (helmet restricted)
rElec   .          Harm     .   c - +0 cloak
rCorr   .          Rampage  .   (no gloves)
Will    .....                   (boots unavailable)
Stlth   ++........              (no amulet)
HPRegen 0.08/turn               (no ring)
MPRegen 0.11/turn               (no ring)

@: mighty, very slightly contaminated
A: beak, talons 3
a: no special abilities


You were on level 3 of the Dungeon.
You visited 1 branch of the dungeon, and saw 3 of its levels.

You collected 118 gold pieces.

Inventory:

Hand Weapons
 a - a +0 hand axe of venom (weapon)
Armour
 c - a +0 cloak (worn)
 d - a +0 robe (worn)
 e - a +0 ring mail
Magical Staves
 m - a staff of cold
Scrolls
 h - a scroll of identify {unknown}
 j - a scroll of noise {unknown}
 k - 2 scrolls of vulnerability {unknown}
 l - 2 scrolls of fog {unknown}
 r - a scroll of amnesia {unknown}
 s - a scroll of poison {unknown}
Potions
 b - 2 potions of magic
 f - 2 potions of mutation {unknown}
 g - 4 potions of curing {unknown}
 i - 2 potions of flight {unknown}
 n - a potion of haste {unknown}
 o - 2 potions of might
 p - a potion of attraction {unknown}
 q - a potion of berserk rage {unknown}
 t - 3 potions of heal wounds {unknown}


   Skills:
 - Level 2.1 Dodging
 - Level 2.0 Stealth
 + Level 2.7 Spellcasting
 + Level 3.0 Conjurations
 * Level 5.7 Air Magic


You had 5 spell levels left.
You knew the following spells:

 Your Spells              Type           Power      Damage    Failure   Level
d - Static Discharge      Conj/Air       18%        3-6/arc   4%          2
s - Shock                 Conj/Air       72%        1d7       2%          1

Your spell library contained the following spells:

 Spells                   Type           Power      Damage    Failure   Level
 Swiftness                Air            23%        N/A       4%          3
 Airstrike                Air            11%        2d(2-18)  16%         4


Dungeon Overview and Level Annotations

Branches:
Dungeon (3/15)

Altars:

Annotations:
D:3 Grinder


Innate Abilities, Weirdness & Mutations

You have a beak for a mouth.
You have claws for feet.


Message History

You hit the goblin.
The goblin is poisoned.
Your kick misses the goblin.
The goblin is severely wounded.
You kill the goblin!
Things that are here:
a +0 dagger; a +0 sling You open the door.
Grinder, 3 orcs and an orc priest come into view.
Grinder is carrying a wand of flame (15).
The orc priest miscasts a cantrip.
Grinder shouts!
The orc shouts!
The orc closely misses you. The orc barely misses you.
There is an open door here.
Casting: Static Discharge (safe; 4% risk of failure)
Confirm with . or Enter, or press ? or * to list all spells.
You miscast Static Discharge.
You are very lightly contaminated with residual magic.
Nothing appears to happen.
The orc shouts!
The orc barely misses you. x2
Casting: Static Discharge (safe; 4% risk of failure)
Confirm with . or Enter, or press ? or * to list all spells.
The orc is struck by an arc of lightning.
The orc is severely wounded.
You are struck by an arc of lightning.
The orc is struck by an arc of lightning.
You kill the orc!
The lightning grounds out.
The orc priest hits you with a +0 flail.
The orc barely misses you. The orc attacks as you move away!
The orc hits you with a +0 club.
Press: ? - help, v - describe, . - travel
Here: Grinder, carrying a wand of flame (15)
An open door, spattered with blood.
It was a potion of might.
You feel very mighty all of a sudden. Grinder barely misses you.
You barely miss Grinder. You claw Grinder.
Grinder is lightly wounded.
Grinder zaps a wand.
The puff of flame hits you!
You die...

#######)##
#........#####.
#.#####........
##...###### #.....#
##...## ##.## #.# #@#
.# #5# ####.###
#...ooo# #......
##.......#
#.##.##.###.......#
###.#...#.##.........#
...........+.........+
..........##.........#
###..#.##.###.......##


You could see Grinder, an orc priest and 2 orcs.

Vanquished Creatures
  An orc wizard (D:3)
  2 adders (D:3)
  2 worms
  4 orcs (D:3)
  7 ball pythons (D:1)
  4 bats
  2 endoplasms (D:1)
  A giant cockroach (D:1)
  7 goblins
  5 hobgoblins
  4 jackals (D:1)
  3 frilled lizards
  2 kobolds
  4 rats
48 creatures vanquished.

Notes
Turn   | Place    | Note
-------+----------+-------------------------------------------
     0 | D:1      | Godmorgon the Tengu Air Elementalist began the quest for
                  | the Orb.
     0 | D:1      | Reached XP level 1. HP: 10/10 MP: 4/4
   161 | D:1      | Reached XP level 2. HP: 10/15 MP: 0/6
   164 | D:1      | Learned a level 2 spell: Static Discharge
   884 | D:1      | Reached XP level 3. HP: 13/19 MP: 2/7
  2148 | D:2      | Reached skill level 5 in Air Magic
  2814 | D:3      | Reached XP level 4. HP: 17/24 MP: 3/8
  3622 | D:3      | Noticed Grinder
  3628 | D:3      | Killed from afar by Grinder

Illustrated notes

Levels and vault maps discovered:
D:1:      dpeg_arrival_houses_and_road, layout_basic, st_stairs_11,
          minmay_split_cup_small
D:2:      layout_loops_corners, nicolae_wormholes
D:3:      layout_loops_corners, shapermc_ecumenical_altar_flowoftime,
          gammafunk_ghost_grave, minmay_misc_feat_ornament, uniq_robin,
          uniq_grinder

Skill      XL: |  1  2  3  4 |
---------------+-------------+-----
Conjurations   | 2 3 |  3.0
Air Magic      | 5 |  5.7
Dodging        | |  2.1
Stealth        | |  2.0
Spellcasting   | |  2.7

Action                   |  1- 3 |  4- 6 || total
-------------------------+-------+-------++-------
Melee: Dagger            |    10 |       ||    10
       Kick              |     2 |     3 ||     5
       Peck              |     1 |     1 ||     2
       Hand axe          |       |     8 ||     8
 Cast: Shock             |    17 |     7 ||    24
       Static Discharge  |    28 |     8 ||    36
  Use: Potion            |       |     1 ||     1
Armor: Robe              |    13 |     2 ||    15
Dodge: Dodged            |    29 |    11 ||    40
